 Dungeon Crawl Stone Soup version 0.21-a0-518-g43a1781 (console) character file.

1095856 hexaflexagon the Bringer of Light (level 27, -4/169 HPs)
             Began as a Gargoyle Gladiator on Dec 4, 2017.
             Was the Champion of the Shining One.
             Killed from afar by a lich (87 damage)
             ... with a crystal spear
             ... on level 3 of the Realm of Zot.
             The game lasted 04:32:26 (107266 turns).

hexaflexagon the Bringer of Light (GrGl)          Turns: 107266, Time: 04:32:27

Health: -4/169     AC: 67    Str: 32      XL:     27
Magic:  0/15       EV: 19    Int: 11      God:    the Shining One [******]
Gold:   10904      SH:  0    Dex: 24 (25) Spells: 18/58 levels left

rFire    + + .     SeeInvis .   t - +8 Wrath of Trog {antimagic, *Rage}
rCold    + + .     Gourm    .   (shield currently unavailable)
rNeg     + + +     Faith    .   x - +9 scales of the Dragon King {rPois rF+ rC+ MR+}
rPois    ∞         Spirit   +   z - +0 helmet "Xojyf" {*Slow rCorr Dex+9}
rElec    +         Reflect  .   K - scarf {Spirit}
rCorr    +         Harm     .   n - +2 pair of gloves {Str+3}
MR       +++++     Clarity  +   E - +2 pair of boots
Stlth    ..........             R - amulet of the Four Winds {rN+ MR+++ Clar}
HPRegen  0.38/turn              W - ring "Xedoasok" {Wiz Dex+3 Stlth+}
MPRegen  0.14/turn              s - +5 ring of slaying {=R}

@: resistant, glowing
A: big wings, thin metallic scales 1, agile 1, berserk 2, blink, deterioration
1, frail 1, high mp 1, magic resistance 1, negative energy resistance 1,
screaming 2, electricity resistance, unbreathing, petrification resistance, rot
immunity, MP-powered wands, AC +20
}: 7/15 runes: barnacled, slimy, silver, golden, bone, abyssal, gossamer
a: Fly, Blink, Divine Shield, Cleansing Flame, Summon Divine Warrior, Renounce
Religion


You were on level 3 of the Realm of Zot.
You worshipped the Shining One.
The Shining One was exalted by your worship.
You were hungry.

You visited 15 branches of the dungeon, and saw 67 of its levels.
You visited the Abyss 6 times.
You also visited: Trove, Bailey and Volcano.

You collected 14500 gold pieces.
You spent 3596 gold pieces at shops.

Inventory:

Hand Weapons
 a - a +9 executioner's axe of electrocution
 b - a +8 executioner's axe of holy wrath
 t - the +8 Wrath of Trog (weapon) {antimagic, *Rage}
   (You found it on level 3 of the Depths)

   It reduces the magical energy of the wielder, and disrupts the spells and
   magical abilities of those hit.
   Natural abilities and divine invocations are not affected.
   It may make you go berserk in combat.
Missiles
 d - 5 throwing nets (quivered)
Armour
 n - a +2 pair of gloves of strength (worn)
 x - the +9 scales of the Dragon King (worn) {rPois rF+ rC+ MR+}
   (You found it in a bailey)

   It protects you from fire.
   It protects you from cold.
   It protects you from poison.
   It affects your resistance to hostile enchantments.
 z - the +0 helmet "Xojyf" (worn) {*Slow rCorr Dex+9}
   (You found it on level 3 of the Abyss)

   It affects your dexterity (+9).
   It protects you from acid and corrosion.
   It may slow you when you take damage.
 E - a +2 pair of boots (worn)
 K - a scarf of spirit shield (worn)
 P - the +0 mask of the Dragon {MR+ Slay+3 SInv}
   (You found it on level 5 of the Pits of Slime)

   It affects your accuracy and damage with ranged weapons and melee attacks
   (+3).
   It affects your resistance to hostile enchantments.
   It lets you see invisible.
Magical Staves
 w - an uncursed staff of wizardry
Jewellery
 h - an uncursed ring of resist corrosion
 r - the ring of Agaf {rC+ Dex+2 Stlth-}
   (You found it on level 7 of Tartarus)

   [ring of loudness]

   It affects your dexterity (+2).
   It protects you from cold.
   It makes you less stealthy.
 s - a +5 ring of slaying (right hand) {=R}
 R - the amulet of the Four Winds (around neck) {rN+ MR+++ Clar}
   (You found it on level 3 of the Elven Halls)

   [amulet of nothing]

   It protects you from negative energy.
   It affects your resistance to hostile enchantments.
   It protects you against confusion.
 W - the ring "Xedoasok" (left hand) {Wiz Dex+3 Stlth+}
   (You found it on level 5 of the Pits of Slime)

   [ring of wizardry]

   It improves your spell success rate.
   It affects your dexterity (+3).
   It makes you more stealthy.
Wands
 F - a wand of acid (42)
 H - a wand of scattershot (7)
 L - a wand of digging (16)
 N - a wand of iceblast (34)
 O - a wand of enslavement (23)
 V - a wand of paralysis (34)
 Z - a wand of disintegration (55)
Scrolls
 c - 5 scrolls of silence
 j - 18 scrolls of teleportation
 m - a scroll of summoning
 o - 36 scrolls of remove curse
 p - 15 scrolls of fear
 u - 33 scrolls of identify
 y - 9 scrolls of fog
 A - 2 scrolls of magic mapping
 S - 8 scrolls of enchant armour
 T - 3 scrolls of blinking
 X - 5 scrolls of holy word
Potions
 e - 2 potions of magic
 g - 9 potions of agility
 k - 9 potions of berserk rage
 l - 5 potions of haste
 q - 9 potions of might
 v - 6 potions of cancellation
 B - 24 potions of curing
 C - 12 potions of brilliance
 G - 5 potions of resistance
 M - 11 potions of lignification
 Q - 7 potions of ambrosia
 U - 10 potions of heal wounds
 Y - 6 potions of mutation
Miscellaneous
 D - 4 boxes of beasts
 I - 2 phantom mirrors
Comestibles
 f - 42 bread rations
 i - 4 chunks of flesh
 J - 18 meat rations


   Skills:
 - Level 23.3 Fighting
 - Level 26.0 Axes
 - Level 1.7 Throwing
 - Level 25.1 Armour
 - Level 15.0 Dodging
   Level 0.9 Shields
 + Level 16.4 Spellcasting
 - Level 16.3 Charms
 - Level 15.0 Summonings
 * Level 13.2 Necromancy
 - Level 14.0 Translocations
 - Level 18.0 Transmutations
 - Level 15.0 Air Magic
 - Level 10.0 Earth Magic
 O Level 27 Invocations
 - Level 5.0 Evocations


You had 18 spell levels left.
You knew the following spells:

 Your Spells              Type           Power        Failure   Level  Hunger
a - Apportation           Tloc           #####.       1%          1    None
b - Blink                 Tloc           N/A          1%          2    None
g - Shroud of Golubria    Chrm/Tloc      #####.....   1%          2    None
p - Passwall              Tmut/Erth      #####.....   1%          2    None
r - Recall                Summ/Tloc      N/A          1%          3    None
u - Summon Butterflies    Summ           #####...     1%          1    None
J - Aura of Abjuration    Summ           #####.....   1%          5    #####..
M - Deflect Missiles      Chrm/Air       #####.....   3%          6    ######.
N - Necromutation         Tmut/Necr      #####.....   80%         8    #######
P - Passage of Golubria   Tloc           N/A          1%          4    ###....
S - Shadow Creatures      Summ           N/A          4%          6    ######.


Dungeon Overview and Level Annotations

Branches:
Dungeon (15/15)            Temple (1/1) D:6            Lair (6/6) D:11
 Shoals (4/4) Lair:3       Spider (4/4) Lair:2        Slime (5/5) Lair:6
    Orc (2/2) D:12            Elf (3/3) Orc:2        Vaults (5/5) D:14
  Crypt (3/3) Vaults:3       Tomb (3/3) Crypt:3      Depths (5/5) D:15
   Hell (1/1)                 Dis (0/7) Hell            Geh (0/7) Hell
    Coc (0/7) Hell            Tar (7/7) Hell            Zot (3/5) Depths:5

Altars:
Ashenzari
Cheibriados
Dithmenos
Elyvilon
Fedhas
Gozag
Hepliaklqana
Kikubaaqudgha
Makhleb
Nemelex Xobeh
Okawaru
Qazlal
Ru
Sif Muna
Trog
Uskayaw
Vehumet
Wu Jian
Xom
Yredelemnul
Zin
The Shining One
Beogh
Jiyva

Shops:
D:7 !   Orc:2 }}::   Elf:1 [   Shoals:1 [[   Vaults:4 ![   Depths:3 [}=*

Portals:
Hell: Depths:1 Depths:2 Depths:3 Depths:4 Depths:5
Abyss: Depths:2 Depths:4 Depths:5
Pandemonium: Depths:3
Ziggurat: Depths:3

Annotations:
D:10 Sonja
Elf:2 1 runed door
Depths:1 exclusion: 5 oklob plants
Zot:3 1 transporter


Innate Abilities, Weirdness & Mutations

You are resistant to torment.
Your stone body is resilient. (AC +20)
You are immune to poison.
Your large and strong wings let you fly indefinitely.
You resist negative energy. (rN+)
You are resistant to electric shocks. (rElec)
You can survive without breathing.
You are immune to petrification.
You are immune to rotting.
You are partially covered in thin metallic scales. (AC +2)
You are agile. (Dex +2)
You often lose your temper in combat.
You can translocate small distances at will.
Your body sometimes deteriorates upon taking damage.
You are frail. (-10% HP)
You have an increased reservoir of magic. (+10% MP)
You are resistant to hostile enchantments. (MR+)
You sometimes yell uncontrollably at your foes.
You expend magic power (3 MP) to strengthen your wands.


Message History

The orb of fire is severely damaged.
You slash the lich!
The lich's magic leaks into the air.
You are engulfed in blazing flames.
You resist.
The lich touches you but does no damage.
The golden flame engulfs you! You resist.
The golden flame engulfs the orb of fire.
The orb of fire is almost destroyed.
The golden flame engulfs the lich.
The lich appears unharmed.
The lich is lightly damaged.
The golden flame engulfs the storm dragon.
The storm dragon is lightly wounded.
You feel somewhat more hungry.
You are engulfed in blazing flames.
You resist.
You hear a deafening roar! x3
The orb of fire falters for a moment.
The lich casts a spell at you. The crystal spear misses you.
The lich casts a spell at you. The crystal spear hits you!
Ouch! That really hurt!
You die...

.,,,...,#?..#.....#######.......)
.**,,##*##..##....%..........)...
##,,*****##..##.....#####........
*,,***,*,*##..#..#..## #..#.....
*,***,,*,,**#.##.##..## #.%##.)..
,,**,,,,,,,*#..####...###..##....
,*****+*+***##.D####.......###...
,,**,,,,,,,*#d.*L###.......###...
,,,**,,*,,*#...#@§.##.......##..†
*,,,**,*,*#.*.####..#.......###..
**,,,*,,,#...#***##.........###..
,**,,,,*dL..#*,*,*##.........##..
,,**,,,>..D#*,,*,,*##.....#...#..
,,,,,,.#...,,,,+,,,*#...####.....
,**,*>#<#>*,**,*,***##..# ##....
,,,,,,.#.*.,,,,+,,,*#...## #....
,,**,,.>.dD#*,,*,,*##.#..# ##.[#


You could see an orb of fire, a storm dragon, a red draconian and a lich.

Vanquished Creatures
  the Royal Jelly (Slime:5)
  Ereshkigal (Tar:7)
  Mara (Vaults:5)
  Mennas (Vaults:2)
  3 ancient liches
  Boris (twice) (Vaults:5 Crypt:2)
  34 greater mummies
  Margery (Crypt:3)
  Bai Suzhen (Depths:1)
  Frederick (Tomb:1)
  A Killer Klown (Zot:3)
  Geryon (Hell)
  2 curse toes
  Saint Roka (Depths:4)
  14 golden dragons
  A caustic shrike (Depths:5)
  The ghost of Laiders the Tortoise, an adept MiBe of Trog (Vaults:5)
  Jory (Depths:4)
  2 profane servitors
  45 Tzitzimimeh
  44 bone dragons
  19 doom hounds
  Jorgrun (Depths:1)
  3 hellephants
  Rupert (Lair:3)
  A Hell Sentinel (Abyss:1)
  7 quicksilver dragons
  7 deep elf blademasters
  24 tentacled monstrosities
  A deep elf master archer (Elf:3)
  25 acid blobs
  13 sphinxes
  7 titans
  21 liches
  10 Executioners
  Polyphemus (Shoals:4)
  5 ancient champions
  4 death cobs
  Murray (Depths:5)
  67 tentacled starspawn
  A thorn hunter (Depths:1)
  3 eldritch tentacles
  9 draconian monks
  Donald (D:14)
  2 nagarajas (Abyss:3)
  19 shadow dragons
  8 azure jellies
  4 storm dragons
  8 revenants
  4 daevas
  5 tengu reavers
  Ilsuiw (Shoals:4)
  3 deep elf sorcerers
  11 vault wardens
  17 frost giants
  10 fire giants
  7 draconian knights
  3 iron dragons
  8 cacodemons
  7 draconian stormcallers
  Aizul (Shoals:1)
  5 ghost moths
  7 draconian scorchers
  4 draconian shifters
  5 balrugs
  An orc warlord (Orc:2)
  16 ghouls
  7 emperor scorpions
  12 ironheart preservers
  3 curse skulls (Crypt:3)
  3 draconian annihilators (Zot:2)
  58 reapers
  3 deep elf elementalists
  44 very ugly things
  6 entropy weavers
  A caustic shrike skeleton (Crypt:3)
  7 angels
  5 bennus
  An ophan (Abyss:2)
  26 stone giants
  12 green draconians
  6 deep elf annihilators (Elf:3)
  10 black draconians
  A dire elephant (Abyss:1)
  A war gargoyle (Hell)
  8 spark wasps
  4 lorocyprocas
  11 vampire knights
  10 yellow draconians
  11 purple draconians
  6 deep elf demonologists
  The ghost of Regeox the Cleaver, a journeyman HOBe of Trog (Orc:2)
  15 white draconians
  5 red draconians
  6 eidola
  Snorg (D:14)
  11 ettins
  6 merfolk javelineers
  A kraken zombie (Hell)
  9 deep elf death magi
  16 jiangshi
  A spectral kraken (Tar:7)
  9 fire dragons
  29 mummy priests
  3 green deaths
  2 quicksilver dragon zombies
  9 blizzard demons
  8 merfolk impalers
  9 ogre magi
  3 deep elf high priests
  19 great orbs of eyes
  21 yaktaur captains
  4 death oozes
  3 naga warriors
  8 ice dragons
  A quicksilver dragon skeleton (Tar:7)
  11 rakshasas
  4 spriggan air magi
  33 vault guards
  11 hydras
  Erica (D:9)
  3 merfolk avatars
  8 death knights
  A ghost crab (Tar:5)
  6 merfolk aquamancers
  30 dancing weapons
  4 catoblepae
  4 satyrs
  A titan zombie (Tar:6)
  6 tengu warriors
  40 two-headed ogres
  16 centaur warriors
  54 death scarabs
  A queen ant (Spider:2)
  85 thrashing horrors
  22 hell hogs
  5 death yaks
  12 vampire magi
  12 spriggan berserkers
  Urug (Lair:3)
  7 deep troll shamans
  4 deep troll earth magi
  29 soul eaters
  A fire crab (D:12)
  21 sun demons
  5 orc high priests (Orc:2)
  A spriggan (Depths:4)
  72 wretched stars
  19 deep elf knights
  5 titan skeletons
  A shock serpent (shapeshifter) (Depths:4)
  166 skeletal warriors
  6 storm dragon zombies
  28 hell knights
  7 iron trolls
  The ghost of Nirn the Insei, a novice DgTm (D:7)
  25 sixfirhies
  29 deep trolls
  11 shadow wraiths
  3 anaconda zombies
  22 flayed ghosts
  A storm dragon skeleton (Tar:4)
  A golden dragon zombie (Tar:5)
  6 unseen horrors
  13 wizards
  An unseen horror (shapeshifter) (Depths:3)
  25 spatial maelstroms
  2 death drakes
  A swamp dragon (Abyss:3)
  15 sea snakes
  A deep troll (shapeshifter) (Vaults:5)
  A gelid demonspawn (Depths:3)
  2 ghost moth zombies (Tar:6)
  9 glowing orange brains
  17 deep elf archers
  5 lindwurms
  31 shadow demons
  A sphinx zombie (Crypt:3)
  2 shadow dragon zombies
  Pikel (D:9)
  A wolf spider zombie (Tar:4)
  3 anaconda skeletons
  3 golden dragon skeletons
  12 orb spiders
  6 ironbrand convokers
  A mana viper (Abyss:3)
  32 phantasmal warriors
  A harpy (shapeshifter) (Abyss:1)
  9 orc knights
  14 necromancers
  5 shadow dragon skeletons
  72 deep elf magi
  25 harpies
  8 shining eyes
  5 iron dragon zombies
  14 manticores
  5 frost giant zombies
  49 ugly things
  3 stone giant zombies
  8 orc sorcerers
  50 wolf spiders
  10 fauns
  3 iron dragon skeletons (Tar:1)
  24 moths of wrath
  7 cyclopes
  6 fire giant zombies
  2 fauns (shapeshifter) (Vaults:5)
  2 sphinx skeletons
  3 frost giant skeletons
  8 rust devils
  27 worldbinders
  5 toenail golems (Volcano)
  9 elephants
  7 merfolk sirens
  2 dire elephant zombies
  4 fire giant skeletons
  5 eyes of devastation
  7 guardian serpents
  10 vault sentinels
  5 black mambas
  8 water nymphs
  23 apocalypse crabs
  5 stone giant skeletons
  3 torpor snails
  An ice statue (Hell)
  23 spiny frogs
  2 molten gargoyles
  A naga mage (Abyss:3)
  10 spectral swamp worms (Tar:7)
  5 dire elephant skeletons
  2 guardian serpents (shapeshifter)
  17 orange demons
  Psyche (D:11)
  3 emperor scorpion zombies
  4 human zombies
  A rime drake (Lair:1)
  51 smoke demons
  2 gargoyles
  A green draconian zombie (Crypt:3)
  20 hellions
  A spiny frog (shapeshifter) (Abyss:3)
  2 catoblepas zombies
  6 komodo dragons
  53 yaktaurs
  A catoblepas skeleton (Tar:7)
  3 yaktaur skeletons
  15 tormentors
  22 demonic crawlers
  70 guardian mummies
  A death yak skeleton (Crypt:3)
  A komodo dragon (shapeshifter) (D:13)
  A white draconian skeleton (Crypt:1)
  8 efreet
  28 freezing wraiths
  54 ancient zymes
  11 ice devils
  6 hellwings
  A troll (shapeshifter) (Zot:3)
  9 hydra zombies
  13 red devils
  6 silent spectres
  8 meliai
  2 queen bees
  3 tyrant leeches
  4 tengu conjurers
  8 trolls
  40 jumping spiders
  178 large abominations
  11 hornets
  102 slime creatures
  Prince Ribbit (D:7)
  A shadow dragon simulacrum (Abyss:3)
  A wind drake (shapeshifter) (Vaults:5)
  2 wind drakes (Shoals:2)
  A hornet (shapeshifter) (Elf:2)
  21 merfolk
  3 blink frogs (shapeshifter)
  Grinder (D:4)
  132 raiju
  A slime creature (shapeshifter) (Vaults:2)
  6 hydra skeletons
  A bog body (Crypt:2)
  18 dream sheep
  45 blink frogs
  A harpy skeleton (Tar:1)
  13 hippogriffs
  5 fire dragon zombies
  3 ettin zombies
  A frost giant simulacrum (Tar:3)
  A hippogriff (shapeshifter) (Vaults:1)
  A stone giant simulacrum (Abyss:4)
  11 air elementals
  An ice dragon zombie (Tar:5)
  7 snapping turtles
  148 flying skulls
  89 redbacks
  147 small abominations
  18 shadows
  27 tarantellas
  6 ettin skeletons
  A spriggan (shapeshifter) (Vaults:2)
  31 wraiths
  2 fire dragon skeletons
  An ice dragon skeleton (Crypt:2)
  An alligator skeleton (Abyss:1)
  4 wyverns
  41 ynoxinuls
  2 black mamba zombies
  A tarantella (shapeshifter) (Depths:2)
  5 basilisks
  5 vampires
  21 water elementals
  34 ushabtiu
  9 fire elementals
  2 humans (D:7)
  36 chaos spawn
  14 fire bats
  49 yaks
  3 humans (shapeshifter)
  9 golden eyes
  12 vampire mosquitoes
  38 neqoxecs
  23 hungry ghosts
  A steam dragon (Lair:2)
  39 spatial vortices
  A harpy simulacrum (Abyss:3)
  2 swamp worms (shapeshifter) (Abyss:3)
  7 nagas
  4 acid dragons
  6 insubstantial wisps
  7 wargs
  A deep troll zombie (Vaults:4)
  24 soldier ants
  13 water moccasins
  73 hell hounds
  An infernal demonspawn skeleton (Tar:5)
  A floating eye (Depths:5)
  A hydra simulacrum (Abyss:3)
  7 porcupines
  A floating eye (shapeshifter) (Depths:1)
  A deep troll skeleton (Vaults:3)
  9 ice beasts
  44 orc warriors
  2 manticore zombies
  3 spiny frog skeletons
  2 spiny frog zombies (Hell)
  A water nymph skeleton (Crypt:1)
  An eye of draining (shapeshifter) (D:15)
  5 sky beasts
  46 necrophages
  10 phantoms
  15 eyes of draining
  2 ettin simulacra
  A slave (D:9)
  4 snapping turtle zombies
  2 swamp dragon zombies
  25 ogres
  3 swamp dragon skeletons
  20 boggarts
  24 centaurs
  2 snapping turtle skeletons
  16 wolves
  18 crocodiles
  9 human skeletons
  A lindwurm skeleton (Crypt:1)
  A manticore skeleton (Tar:2)
  An elf skeleton (Vaults:4)
  2 big kobolds
  30 bullfrogs
  A deep troll simulacrum (Vaults:1)
  5 earth elementals
  A glowing shapeshifter simulacrum (Vaults:1)
  2 cyclops skeletons
  11 scorpions
  36 killer bees
  A snapping turtle simulacrum (Abyss:2)
  A manticore simulacrum (Abyss:4)
  A spriggan skeleton (Crypt:1)
  A human simulacrum (Vaults:3)
  A polar bear skeleton (Crypt:2)
  95 wights
  7 electric eels
  9 howler monkeys
  18 crimson imps
  8 centaur zombies
  3 bullfrog zombies
  257 starcursed masses
  18 quasits
  8 centaur skeletons
  35 orc priests
  2 bullfrog skeletons (D:5)
  3 hounds
  8 jellies
  19 orc wizards
  25 iron imps
  A porcupine zombie (Crypt:1)
  Terence (D:2)
  5 iguanas
  A lightning spire (Abyss:4)
  27 worker ants
  5 hell rats
  A killer bee zombie (D:8)
  An ogre zombie (Tar:1)
  A hound zombie (D:5)
  2 naga skeletons
  3 hound skeletons
  57 mummies
  Robin (D:2)
  2 worker ant zombies
  2 gnolls (Bailey)
  15 adders
  33 shadow imps
  21 white imps
  21 ufetubi
  7 oozes
  4 adder skeletons
  2 adder zombies (D:6)
  A worm (D:4)
  A barachi skeleton (Crypt:2)
  A barachi zombie (Crypt:2)
  A dart slug (D:3)
  6 leopard geckos
  120 orcs
  4 ball pythons
  5 giant cockroaches
  17 goblins
  9 hobgoblins
  21 jackals
  5 quokkas
  11 bats
  4 frilled lizards
  A jackal zombie (D:9)
  20 kobolds
  A kobold skeleton (Tar:1)
  A kobold zombie (Tar:4)
  A leopard gecko skeleton (D:6)
  2 leopard gecko zombies (D:5)
  An orc skeleton (Crypt:1)
  3 quokka skeletons
  A quokka zombie (Crypt:2)
  9 rats
  2 river rat skeletons (Crypt:1)
  2 crawling corpses (Crypt:3)
  4 fungi
  3 lurking horrors
  9 plants
  73 starspawn tentacles
  6 tentacles
5975 creatures vanquished.

Vanquished Creatures (collateral kills)
  An orb of fire (Zot:2)
  2 Tzitzimimeh (Tar:7)
  A death cob (Zot:2)
  A shadow dragon (Tar:7)
  A draconian knight (Zot:3)
  A draconian annihilator (Zot:3)
  A bennu (Tomb:3)
  A jiangshi (Tar:7)
  5 death scarabs (Tomb:3)
  A soul eater (Tar:7)
  2 skeletal warriors (Tar:7)
  A golden dragon zombie (Tar:7)
  A moth of wrath (Zot:2)
  An ettin zombie (Tar:7)
  2 wraiths (Tar:7)
22 creatures vanquished.

Vanquished Creatures (others)
  A golden dragon (Zot:1)
  3 caustic shrikes (Depths:3)
  Asterion (Vaults:2)
  A deep elf master archer (Elf:3)
  A tentacled starspawn (Abyss:1)
  2 eldritch tentacles
  A balrug (Abyss:1)
  A lorocyproca (Abyss:3)
  A merfolk impaler (Shoals:4)
  A green death (Abyss:1)
  A centaur warrior (D:15)
  An ogre mage (Vaults:2)
  7 death scarabs
  A deep troll (Vaults:2)
  A shadow demon (Tar:7)
  A wizard (Vaults:2)
  2 orb spiders
  3 large abominations
  An orange demon (Abyss:1)
  An ancient zyme (Abyss:4)
  3 hornets
  3 flying skulls (Tomb:2)
  A shadow (Tar:5)
  An ettin skeleton (Tar:4)
  A tarantella (Spider:2)
  An ushabti (Crypt:3)
  A steam dragon (D:9)
  A spatial vortex (Abyss:3)
  2 slaves (D:9)
  2 boggarts
  A small abomination (Abyss:3)
  A crimson imp (Abyss:4)
  An iron imp (Abyss:3)
  An orc priest (Orc:2)
  2 mummies
  2 white imps (Abyss:4)
  3 orcs
  5 demonic plants
  10 fungi
  12 lurking horrors
  65 plants
  98 starspawn tentacles
  14 tentacles
263 creatures vanquished.

Grand Total: 6260 creatures vanquished

Notes
Turn   | Place    | Note
-------+----------+-------------------------------------------
     0 | D:1      | hexaflexagon the Gargoyle Gladiator began the quest for the Orb.
     0 | D:1      | Reached XP level 1. HP: 12/12 MP: 1/1
    52 | D:1      | Reached XP level 2. HP: 7/17 MP: 2/2
   513 | D:1      | Reached XP level 3. HP: 19/21 MP: 3/3
   695 | D:2      | Noticed Terence
   818 | D:2      | Killed Terence
  1145 | D:2      | Reached XP level 4. HP: 26/26 MP: 4/4
  1189 | D:2      | Noticed Robin
  1252 | D:2      | Killed Robin
  1305 | D:2      | Found a blossoming altar of Fedhas.
  1517 | D:2      | Reached skill level 5 in Axes
  1603 | D:2      | Reached XP level 5. HP: 28/30 MP: 5/5
  2233 | D:3      | Found an opulent altar of Gozag.
  2733 | D:4      | Found a hazy altar of Hepliaklqana.
  2829 | D:4      | Found a snail-covered altar of Cheibriados.
  2887 | D:4      | Reached XP level 6. HP: 26/35 MP: 6/6
  3003 | D:4      | Noticed Grinder
  3031 | D:4      | Killed Grinder
  3031 | D:4      | Reached XP level 7. HP: 33/41 MP: 7/7
  3212 | D:4      | Found a roughly hewn altar of Beogh.
  3536 | D:4      | Found a shadowy altar of Dithmenos.
  3688 | D:5      | Entered Level 5 of the Dungeon
  3688 | D:5      | Found a bloodstained altar of Trog.
  3755 | D:5      | Reached XP level 8. HP: 36/48 MP: 8/8
  3803 | D:5      | Reached skill level 5 in Fighting
  3893 | D:5      | Found a glowing golden altar of the Shining One.
  4298 | D:5      | Reached skill level 5 in Armour
  4340 | D:5      | Became a worshipper of the Shining One
  4513 | D:6      | Got a faintly glowing quarterstaff
  4514 | D:6      | Identified the +9 quarterstaff of Dullness {venom, rN+} (You found it on level 6 of the Dungeon)
  4549 | D:6      | Found a shadowy altar of Dithmenos.
  4588 | D:6      | Reached * piety under the Shining One
  4671 | D:6      | Found a staircase to the Ecumenical Temple.
  4686 | Temple   | Entered the Ecumenical Temple
  4902 | Temple   | Fell from the grace of the Shining One
  4902 | Temple   | Became a worshipper of Elyvilon the Healer
  5040 | D:6      | Reached XP level 9. HP: 54/54 MP: 9/9
  5292 | D:7      | Reached skill level 1 in Invocations
  5297 | D:7      | Reached skill level 2 in Invocations
  5335 | D:7      | Found a flagged portal.
  5342 | Bailey   | Entered a bailey
  5465 | Bailey   | Reached skill level 3 in Invocations
  5529 | Bailey   | Found the +9 scales of the Dragon King {rPois rF+ rC+ MR+}
  5655 | Bailey   | Reached skill level 4 in Invocations
  5887 | Bailey   | Found a bloodstained altar of Trog.
  5978 | D:7      | Noticed Nirn's ghost (novice DgTm)
  6018 | D:7      | Killed Nirn's ghost
  6018 | D:7      | Reached skill level 5 in Invocations
  6198 | D:7      | Reached skill level 6 in Invocations
  6205 | D:7      | Found a white marble altar of Elyvilon.
  6249 | D:7      | Found Jatyb's Distillery.
  6268 | D:7      | Noticed Prince Ribbit
  6282 | D:7      | Killed Prince Ribbit
  6357 | D:7      | Reached * piety under Elyvilon
  6389 | D:7      | Reached skill level 1 in Evocations
  6625 | D:7      | Found an iron altar of Okawaru.
  6632 | D:7      | Reached XP level 10. HP: 59/59 MP: 14/14
  7329 | D:8      | Reached ** piety under Elyvilon
  7589 | D:8      | Found a deep blue altar of Sif Muna.
  7840 | D:9      | Reached skill level 7 in Invocations
  7889 | D:9      | Noticed a two-headed ogre
  7905 | D:9      | Killed a two-headed ogre
  8070 | D:9      | Noticed a cyclops
  8075 | D:9      | Noticed a two-headed ogre
  8134 | D:9      | Noticed Pikel
  8159 | D:9      | Killed Pikel
  8159 | D:9      | Reached skill level 10 in Axes
  8202 | D:9      | Found an ornate altar of the Wu Jian Council.
  8223 | D:9      | Found a radiant altar of Vehumet.
  8238 | D:9      | Noticed Erica
  8249 | D:9      | Killed Erica
  8249 | D:9      | Reached XP level 11. HP: 67/67 MP: 16/16
  8266 | D:9      | Reached skill level 8 in Invocations
  8276 | D:9      | HP: 2/67 [cyclops/large rock (32)]
  8288 | D:9      | Killed a cyclops
  8469 | D:9      | Found a burning altar of Makhleb.
  8474 | D:9      | Found a glowing silver altar of Zin.
  8474 | D:9      | Noticed an angel
  8475 | D:9      | Noticed a green death
  8775 | D:10     | Entered Level 10 of the Dungeon
  9040 | D:10     | Found a stormy altar of Qazlal.
  9105 | D:10     | Noticed Sonja
  9330 | D:10     | Reached *** piety under Elyvilon
  9406 | D:10     | Killed an unseen horror
  9884 | D:11     | Noticed a brown ugly thing
  9935 | D:11     | Found a staircase to the Lair.
  9935 | D:11     | Noticed a death yak
  9935 | D:11     | Noticed a death yak
  9935 | D:11     | Noticed a manticore
  9936 | D:11     | Noticed a death yak
 10321 | D:10     | Killed a brown ugly thing
 10321 | D:10     | Reached skill level 9 in Invocations
 10321 | D:10     | Reached skill level 5 in Evocations
 10466 | D:11     | Noticed Psyche
 10478 | D:11     | Killed Psyche
 10656 | D:11     | Noticed a two-headed ogre
 10695 | D:11     | Killed a two-headed ogre
 10695 | D:11     | Reached XP level 12. HP: 59/75 MP: 19/19
 10833 | D:11     | Noticed a two-headed ogre
 10875 | D:11     | Killed a two-headed ogre
 10899 | D:11     | Found a runed door.
 11050 | D:11     | Reached skill level 10 in Invocations
 11161 | D:10     | Killed a death yak
 11360 | D:11     | Killed a death yak
 11373 | D:11     | Killed a death yak
 11475 | D:11     | Reached **** piety under Elyvilon
 12086 | D:11     | Found a roughly hewn altar of Beogh.
 12297 | D:12     | Noticed a two-headed ogre
 12311 | D:12     | Killed a two-headed ogre
 12311 | D:12     | Reached skill level 11 in Invocations
 12343 | D:12     | Found a staircase to the Orcish Mines.
 12441 | D:12     | Reached skill level 10 in Armour
 12719 | D:12     | Found a large runed door.
 12719 | D:12     | Found a large runed door.
 12724 | D:12     | Reached XP level 13. HP: 76/82 MP: 21/21
 12821 | D:12     | Reached skill level 10 in Fighting
 12907 | D:12     | Reached ***** piety under Elyvilon
 13044 | D:12     | Reached skill level 12 in Invocations
 13124 | D:12     | Found a snail-covered altar of Cheibriados.
 13124 | D:12     | Noticed a frost giant
 13134 | D:12     | Noticed a frost giant
 13432 | D:10     | Found a stormy altar of Qazlal.
 13437 | D:10     | Cast into level 1 of the Abyss (Sonja)
 13437 | Abyss:1  | Found a corrupted altar of Lugonu.
 13532 | Abyss:1  | Noticed a bone dragon
 13634 | Abyss:1  | Noticed a lorocyproca
 13821 | Abyss:1  | Identified the Disquisition on Torrid Evil Magic
 13852 | Abyss:1  | Noticed a starcursed mass
 13873 | Abyss:1  | Paralysed by accursed screaming for 1 turns
 13875 | Abyss:1  | Noticed a brown very ugly thing
 13877 | Abyss:1  | Pacified a brown very ugly thing
 14094 | Abyss:1  | Reached skill level 13 in Invocations
 14161 | Abyss:1  | Noticed a starcursed mass
 14176 | D:10     | Escaped the Abyss
 14495 | Lair:1   | Entered Level 1 of the Lair of Beasts
 15632 | Lair:2   | Found a hole to the Spider Nest.
 15650 | Lair:2   | Reached skill level 14 in Invocations
 16267 | Lair:2   | Gained mutation: Your large and strong wings let you fly indefinitely. [Gargoyle growth]
 16267 | Lair:2   | Reached XP level 14. HP: 60/88 MP: 24/24
 16830 | Lair:3   | Found a staircase to the Shoals.
 17565 | Lair:3   | Noticed Urug
 17611 | Lair:3   | Killed Urug
 17976 | Lair:4   | Noticed Rupert
 17991 | Lair:4   | Reached ****** piety under Elyvilon
 18005 | Lair:4   | Found a dark tunnel.
 18030 | Volcano  | Entered a volcano
 19447 | Lair:3   | Reached skill level 15 in Axes
 19511 | Lair:3   | Killed Rupert
 20529 | Lair:5   | Reached XP level 15. HP: 92/92 MP: 25/25
 21395 | Lair:5   | Identified the Volume of Lightness and Curses
 21467 | Lair:6   | Entered Level 6 of the Lair of Beasts
 22855 | Lair:6   | Found a viscous altar of Jiyva.
 22856 | Lair:6   | Found a staircase to the Slime Pits.
 23169 | Orc:1    | Entered Level 1 of the Orcish Mines
 23285 | Orc:1    | You are sucked into a shaft!
 23285 | Orc:2    | Entered Level 2 of the Orcish Mines
 24018 | Orc:2    | Found a staircase to the Elven Halls.
 24406 | Orc:2    | Noticed Regeox's ghost (journeyman HOBe)
 24428 | Orc:2    | Killed Regeox's ghost
 24493 | Orc:2    | Noticed an orc warlord
 24523 | Orc:2    | Killed an orc warlord
 24538 | Orc:2    | Reached XP level 16. HP: 99/99 MP: 26/26
 24770 | Orc:2    | Found Cuibezxy's Book Boutique.
 24968 | Orc:2    | Found Juqoclu's Book Emporium.
 25228 | Orc:2    | Found a roughly hewn altar of Beogh.
 25671 | Orc:2    | Found Aleu's Gadget Shoppe.
 25709 | Orc:2    | Found Kenge's Gadget Emporium.
 25743 | Orc:2    | Found a roughly hewn altar of Beogh.
 25957 | Orc:2    | Bought a manual of Invocations for 1214 gold pieces
 26331 | D:12     | Found a sparkling altar of Nemelex Xobeh.
 26443 | D:12     | Found a staircase to the Orcish Mines.
 27259 | D:14     | Found a gate to the Vaults.
 27298 | D:14     | Reached skill level 15 in Invocations
 27304 | D:14     | Reached skill level 5 in Dodging
 27370 | D:14     | Found a sacrificial altar of Ru.
 27508 | D:14     | Noticed Snorg
 27527 | D:14     | Killed Snorg
 28462 | D:15     | Entered Level 15 of the Dungeon
 28625 | D:15     | Reached skill level 16 in Invocations
 28679 | D:15     | Reached XP level 17. HP: 99/106 MP: 24/29
 29357 | D:15     | Found a staircase to the Depths.
 29432 | D:15     | Reached skill level 17 in Invocations
 29648 | Spider:1 | Entered Level 1 of the Spider Nest
 30252 | Spider:1 | Reached skill level 18 in Invocations
 31579 | Spider:2 | Reached XP level 18. HP: 99/113 MP: 28/31
 33054 | Spider:4 | Entered Level 4 of the Spider Nest
 34273 | Spider:4 | Reached skill level 19 in Invocations
 34737 | Spider:4 | Got a gossamer rune of Zot
 35273 | Vaults:1 | Entered Level 1 of the Vaults
 35273 | Vaults:1 | Noticed Donald
 35308 | D:14     | Killed Donald
 35404 | Vaults:1 | Reached XP level 19. HP: 120/120 MP: 32/32
 37578 | Vaults:2 | Noticed Asterion
 37602 | Vaults:2 | Noticed Mennas
 38154 | Vaults:2 | Killed Asterion
 38749 | Shoals:1 | Entered Level 1 of the Shoals
 38919 | Shoals:1 | Found Vup Wong's Antique Armour Shop.
 39017 | Shoals:1 | Reached XP level 20. HP: 111/128 MP: 31/33
 39284 | Shoals:1 | Noticed Aizul
 39311 | Shoals:1 | Killed Aizul
 39375 | Shoals:1 | Found Ideuwnud's Antique Armour Shoppe.
 39675 | Shoals:2 | Reached skill level 15 in Fighting
 39763 | Shoals:2 | Reached skill level 15 in Armour
 39993 | Shoals:2 | Reached skill level 20 in Invocations
 40582 | Shoals:3 | Found a stormy altar of Qazlal.
 40819 | Shoals:3 | Found a shattered altar of Ashenzari.
 41238 | Shoals:4 | Entered Level 4 of the Shoals
 41374 | Shoals:4 | Noticed Polyphemus
 41394 | Shoals:4 | Killed Polyphemus
 41485 | Shoals:4 | Noticed Ilsuiw
 41695 | Shoals:4 | Killed Ilsuiw
 42770 | Shoals:4 | Got a barnacled rune of Zot
 42934 | Shoals:4 | Reached skill level 21 in Invocations
 43246 | Elf:1    | Entered Level 1 of the Elven Halls
 43642 | Elf:1    | Found Foah's Armour Boutique.
 43746 | Elf:1    | Reached XP level 21. HP: 130/137 MP: 33/35
 43773 | Elf:1    | Identified the Collected Works on the Entourage
 44769 | Elf:2    | Found a runed door.
 44798 | Elf:2    | Found a runed door.
 45881 | Elf:3    | Entered Level 3 of the Elven Halls
 47210 | Elf:3    | Reached XP level 22. HP: 146/146 MP: 36/36
 47476 | Elf:3    | Found the amulet of the Four Winds {rN+ MR+++ Clar}
 47554 | Elf:3    | Got a heavily runed copper ring
 47555 | Elf:3    | Identified the ring "Vofecewey" {rElec rC- rN+ Str+4} (You found it on level 3 of the Elven Halls)
 47624 | Elf:3    | Identified the Volume of Scorching Cold
 47996 | Vaults:2 | Reached skill level 22 in Invocations
 48030 | Vaults:2 | Killed Mennas
 49583 | Vaults:3 | Identified the cursed +0 pair of gloves of the Echidna {rElec rN+ Slay-4} (You found it on level 3 of the Vaults)
 49924 | Vaults:3 | Found a staircase to the Crypt.
 50107 | Vaults:4 | Identified a scroll of acquirement
 50115 | Vaults:4 | Identified the ring of the Final Decision {rElec rC- MR+ MP+9} (You acquired it on level 4 of the Vaults)
 50423 | Vaults:4 | Found Bojirel's Distillery.
 50431 | Vaults:4 | Reached XP level 23. HP: 121/151 MP: 33/38
 50441 | Vaults:4 | Bought a potion of curing for 33 gold pieces
 50441 | Vaults:4 | Bought a potion of heal wounds for 55 gold pieces
 50441 | Vaults:4 | Bought a potion of heal wounds for 55 gold pieces
 50763 | Vaults:4 | Found Tekoabbe's Armour Shoppe.
 51373 | Depths:1 | Entered Level 1 of the Depths
 51443 | Depths:1 | Found a gateway to Hell.
 51566 | Depths:1 | Noticed Bai Suzhen
 51635 | Depths:1 | Killed Bai Suzhen
 51635 | Depths:1 | Reached skill level 23 in Invocations
 51950 | Depths:1 | Noticed Jorgrun
 51957 | Depths:1 | Killed Jorgrun
 52835 | Depths:1 | Found a portal to a secret trove of treasure.
 53455 | Depths:1 | You paid a toll of +6 ice dragon scales to enter a treasure trove
 53456 | Trove    | Entered a treasure trove
 53486 | Trove    | Got a pitted battleaxe
 53501 | Trove    | Got a dazzling battleaxe
 53503 | Trove    | Got a dazzling mace
 53517 | Trove    | Got an encrusted halberd
 53526 | Trove    | Got an ancient scimitar
 53577 | Depths:1 | Identified the +1 battleaxe of Indomitability {chop, rElec rN+} (You found it in a treasure trove)
 53580 | Depths:1 | Identified the +5 battleaxe "Woonetig" {flame, Int+2} (You found it in a treasure trove)
 53650 | Depths:2 | Found a one-way gate to the infinite horrors of the Abyss.
 54897 | Depths:2 | Noticed a golden dragon
 54911 | Depths:2 | Killed a golden dragon
 54919 | Depths:2 | Found a shattered altar of Ashenzari.
 55030 | Depths:3 | Found Ywkeu's Assorted Antiques.
 55070 | Depths:3 | Noticed a golden dragon
 55427 | Depths:3 | Reached XP level 24. HP: 119/157 MP: 28/38
 55657 | Depths:3 | Noticed a caustic shrike
 55659 | Depths:3 | Noticed a caustic shrike
 55665 | Depths:3 | Pacified a caustic shrike
 55669 | Depths:3 | Killed a caustic shrike
 55671 | Depths:3 | Noticed a caustic shrike
 55671 | Depths:3 | Killed a caustic shrike
 55672 | Depths:3 | Pacified a caustic shrike
 55678 | Depths:3 | Killed a caustic shrike
 56046 | Depths:3 | Found Cudumol's Jewellery Emporium.
 56066 | Depths:3 | Found Kafescho's Gadget Shop.
 56256 | Depths:3 | Identified the Reference Book on Evil and Cold
 56259 | Depths:3 | Identified the Tome of Destructive Flight
 56262 | Depths:3 | Identified Heac's Volume of the Creative Mountains
 56333 | Depths:3 | Found a gateway to a ziggurat.
 56517 | Depths:3 | Reached skill level 24 in Invocations
 56664 | Depths:3 | Found a one-way gate leading to the halls of Pandemonium.
 56793 | Depths:3 | Found Veothrob's Antique Armour Boutique.
 56869 | Depths:3 | Found the +8 Wrath of Trog {antimagic, *Rage}
 57502 | Depths:4 | Noticed Saint Roka
 57521 | Depths:4 | Noticed Jory
 57524 | Depths:4 | Killed Saint Roka
 57547 | Depths:4 | Killed Jory
 58298 | Depths:5 | Entered Level 5 of the Depths
 58576 | Depths:5 | Noticed a caustic shrike
 58580 | Depths:5 | Noticed a caustic shrike
 58580 | Depths:5 | Noticed a caustic shrike
 58581 | Depths:5 | Pacified a caustic shrike
 58582 | Depths:5 | Pacified a caustic shrike
 58587 | Depths:5 | Noticed a juggernaut
 58590 | Depths:5 | Killed a caustic shrike
 58590 | Depths:5 | Reached XP level 25. HP: 108/162 MP: 22/39
 58606 | Depths:5 | Pacified a juggernaut
 58874 | Depths:5 | Found a gate to the Realm of Zot.
 59084 | Depths:5 | Paralysed by a floating eye for 4 turns
 59580 | Depths:5 | Reached skill level 25 in Invocations
 60256 | Vaults:5 | Entered Level 5 of the Vaults
 60307 | Vaults:5 | Noticed an ancient lich
 60326 | Vaults:5 | Killed an ancient lich
 60748 | Vaults:5 | Noticed Boris
 60774 | Vaults:5 | Killed Boris
 61124 | Vaults:5 | Noticed Laiders's ghost (adept MiBe)
 61213 | Vaults:5 | Reached XP level 26. HP: 135/168 MP: 39/39
 61222 | Vaults:5 | Reached skill level 26 in Invocations
 61382 | Vaults:5 | Killed Laiders's ghost
 61393 | Vaults:5 | Identified the amulet of Posanijuts {Gourm rC+ SInv} (You took it off a vault guard on level 5 of the Vaults)
 61863 | Vaults:5 | Got a silver rune of Zot
 62034 | Vaults:5 | Noticed Mara
 62041 | Vaults:5 | Noticed hexaflexagon's illusion
 62418 | Vaults:5 | Noticed hexaflexagon's illusion
 62559 | Vaults:5 | Noticed hexaflexagon's illusion
 62572 | Vaults:5 | Killed Mara
 63540 | Zot:1    | Entered Level 1 of the Realm of Zot
 63721 | Hell     | Entered the Vestibule of Hell
 63721 | Hell     | Noticed Geryon
 64241 | Hell     | Noticed Murray
 64492 | Depths:5 | Killed Murray
 64616 | Depths:5 | Gained mutation: You expend magic power (3 MP) to strengthen your wands. [a cacodemon]
 65023 | Hell     | Killed Geryon
 65402 | Hell     | Found a gateway to the decaying netherworld of Tartarus.
 65463 | Hell     | Found a gateway to the ashen valley of Gehenna.
 65526 | Hell     | Found a gateway to the Iron City of Dis.
 65577 | Hell     | Found a gateway to the freezing wastes of Cocytus.
 65872 | Depths:1 | Reached skill level 27 in Invocations
 65872 | Depths:1 | Reached XP level 27. HP: 100/175 MP: 24/40
 66238 | D:5      | Fell from the grace of Elyvilon
 66238 | D:5      | Became a worshipper of the Shining One
 66238 | D:5      | Reached ** piety under the Shining One
 66238 | D:5      | Reached *** piety under the Shining One
 66578 | Crypt:1  | Entered Level 1 of the Crypt
 66584 | Crypt:1  | Reached **** piety under the Shining One
 66721 | Crypt:1  | Reached ***** piety under the Shining One
 67088 | Crypt:2  | Reached ****** piety under the Shining One
 67134 | Crypt:2  | Identified a +6 executioner's axe of holy wrath (a +4 executioner's axe of chopping blessed by the Shining One)
 67134 | Crypt:2  | Received a gift from the Shining One
 67486 | Crypt:2  | Noticed Boris
 67496 | Crypt:2  | Killed Boris
 67708 | Crypt:3  | Entered Level 3 of the Crypt
 67807 | Crypt:3  | Found the +3 giant club "Skullcrusher" {speed, Str+7}
 68162 | Crypt:3  | Found an ancient bone altar of Kikubaaqudgha.
 68192 | Crypt:3  | Noticed a greater mummy
 68202 | Crypt:3  | Killed a greater mummy
 68396 | Crypt:3  | Found a staircase to the Tomb.
 68584 | Crypt:3  | Noticed Margery
 68596 | Crypt:3  | Killed Margery
 68916 | Tomb:1   | Entered Level 1 of the Tomb of the Ancients
 69125 | Tomb:1   | Noticed Frederick
 69134 | Tomb:1   | Killed Frederick
 69479 | Tomb:1   | Noticed a greater mummy
 69487 | Tomb:1   | Killed a greater mummy
 69487 | Tomb:1   | Reached skill level 10 in Dodging
 69514 | Tomb:1   | Noticed a greater mummy
 69526 | Tomb:1   | Killed a greater mummy
 69716 | Tomb:1   | Noticed a greater mummy
 69732 | Tomb:1   | Killed a greater mummy
 70080 | Tomb:2   | Noticed a greater mummy
 70080 | Tomb:2   | Noticed a greater mummy
 70080 | Tomb:2   | Noticed a greater mummy
 70080 | Tomb:2   | Noticed a greater mummy
 70096 | Tomb:2   | Killed a greater mummy
 70368 | Tomb:2   | Killed a greater mummy
 70371 | Tomb:2   | Killed a greater mummy
 70374 | Tomb:2   | Killed a greater mummy
 70747 | Tomb:1   | Noticed a greater mummy
 70755 | Tomb:1   | Noticed a greater mummy
 70757 | Tomb:1   | Killed a greater mummy
 70763 | Tomb:1   | Killed a greater mummy
 70764 | Tomb:1   | Noticed a greater mummy
 70769 | Tomb:1   | Killed a greater mummy
 70770 | Tomb:1   | Noticed a greater mummy
 70777 | Tomb:1   | Killed a greater mummy
 70818 | Tomb:1   | Noticed a greater mummy
 70819 | Tomb:1   | Noticed a greater mummy
 70825 | Tomb:1   | Killed a greater mummy
 70829 | Tomb:1   | Killed a greater mummy
 71097 | Tomb:1   | Noticed a greater mummy
 71117 | Tomb:1   | Killed a greater mummy
 71140 | Tomb:1   | Noticed a greater mummy
 71150 | Tomb:1   | Killed a greater mummy
 71210 | Tomb:1   | Noticed a greater mummy
 71217 | Tomb:1   | Killed a greater mummy
 71229 | Tomb:1   | Noticed a greater mummy
 71237 | Tomb:1   | Killed a greater mummy
 71276 | Tomb:1   | Noticed a greater mummy
 71282 | Tomb:1   | Killed a greater mummy
 71286 | Tomb:1   | Noticed a greater mummy
 71297 | Tomb:1   | Killed a greater mummy
 71303 | Tomb:1   | Noticed a greater mummy
 71313 | Tomb:1   | Killed a greater mummy
 71318 | Tomb:1   | Noticed a greater mummy
 71320 | Tomb:1   | Noticed a greater mummy
 71329 | Tomb:1   | Killed a greater mummy
 71332 | Tomb:1   | Noticed a greater mummy
 71333 | Tomb:1   | Killed a greater mummy
 71343 | Tomb:1   | Killed a greater mummy
 71534 | Tomb:1   | Noticed a greater mummy
 71537 | Tomb:1   | Noticed a greater mummy
 71540 | Tomb:1   | Killed a greater mummy
 71545 | Tomb:1   | Killed a greater mummy
 71620 | Tomb:1   | Noticed a greater mummy
 71628 | Tomb:1   | Killed a greater mummy
 71894 | Tomb:3   | Entered Level 3 of the Tomb of the Ancients
 71914 | Tomb:3   | Found the amulet of the Air {Inacc +Fly rElec EV+5 RMsl}
 71925 | Tomb:3   | Noticed a greater mummy
 71925 | Tomb:3   | Noticed a greater mummy
 71925 | Tomb:3   | Noticed a greater mummy
 71926 | Tomb:3   | Noticed a greater mummy
 72251 | Tomb:3   | Killed a greater mummy
 72281 | Tomb:3   | Killed a greater mummy
 72637 | Tomb:3   | Found the +3 robe of Folly {Archmagi, MR-- Int+5}
 72671 | Tomb:3   | Killed a greater mummy
 72677 | Tomb:3   | Killed a greater mummy
 72728 | Tomb:3   | Got a glittering granite ring
 72730 | Tomb:3   | Identified Vehumet's Grimoire of Combat Magic
 72732 | Tomb:3   | Identified Memigor's Incunabulum of Glacial Conjuration
 72764 | Tomb:3   | Identified the ring "Lyssinn" {Ice Dex+3} (You found it on level 3 of the Tomb of the Ancients)
 72798 | Tomb:3   | Identified Veupye's Almanac of Helpful Evil Magic
 72801 | Tomb:3   | Identified the Volume of Excruciating Displacement
 72805 | Tomb:3   | Learned a level 2 spell: Shroud of Golubria
 73104 | Tomb:3   | Noticed a greater mummy
 73112 | Tomb:3   | Killed a greater mummy
 73114 | Tomb:3   | Noticed a greater mummy
 73120 | Tomb:3   | Killed a greater mummy
 73135 | Tomb:3   | Noticed a greater mummy
 73142 | Tomb:3   | Killed a greater mummy
 73167 | Tomb:3   | Noticed an ancient lich
 73174 | Tomb:3   | Killed an ancient lich
 73220 | Tomb:3   | Got a golden rune of Zot
 74112 | Tar:1    | Entered Level 1 of Tartarus
 74437 | Tar:1    | Gained mutation: You occasionally shout uncontrollably at your foes. [mutagenic glow]
 74661 | Tar:1    | Gained mutation: You are frail. (-10% HP) [mutagenic glow]
 74684 | Tar:1    | Gained mutation: You tend to lose your temper in combat. [mutagenic glow]
 74705 | Tar:1    | Gained mutation: You evolve. [mutagenic glow]
 75344 | Tar:2    | Reached skill level 15 in Dodging
 75583 | Tar:2    | Reached skill level 1 in Charms
 75583 | Tar:2    | Reached skill level 1 in Translocations
 75596 | Tar:2    | Reached skill level 1 in Spellcasting
 76741 | Tar:3    | Reached skill level 5 in Charms
 76833 | Tar:3    | Reached skill level 5 in Translocations
 76904 | Tar:3    | Reached skill level 5 in Spellcasting
 78323 | Tar:5    | Lost mutation: You are frail. (-10% HP) [evolution]
 80142 | Vaults:5 | Learned a level 5 spell: Aura of Abjuration
 80500 | Depths:1 | Learned a level 4 spell: Passage of Golubria
 80503 | Depths:1 | Learned a level 2 spell: Passwall
 80851 | Vaults:5 | Learned a level 1 spell: Apportation
 80853 | Vaults:5 | Learned a level 1 spell: Summon Butterflies
 81215 | Orc:2    | Bought a book of Spatial Translocations for 715 gold pieces
 81218 | Orc:2    | Learned a level 2 spell: Blink
 81337 | D:11     | Learned a level 6 spell: Deflect Missiles
 81507 | Depths:3 | Bought an uncursed ring of wizardry for 420 gold pieces
 81919 | Tar:6    | Reached skill level 1 in Earth Magic
 81923 | Tar:6    | Reached skill level 1 in Summonings
 82275 | Tar:7    | Entered Level 7 of Tartarus
 82407 | Tar:7    | Reached skill level 1 in Air Magic
 82669 | Tar:7    | Reached skill level 10 in Charms
 82732 | Tar:7    | Reached skill level 5 in Earth Magic
 82759 | Tar:7    | Reached skill level 10 in Spellcasting
 82759 | Tar:7    | Reached skill level 10 in Translocations
 83008 | Tar:7    | Reached skill level 5 in Summonings
 83053 | Tar:7    | Gained mutation: You do not regenerate when monsters are visible. [mutagenic glow]
 83215 | Tar:7    | Gained mutation: Armour fits poorly on your strangely shaped body. [mutagenic glow]
 83252 | Tar:7    | Gained mutation: You are weak. (Str -2) [mutagenic glow]
 83274 | Tar:7    | Reached skill level 5 in Air Magic
 83509 | Tar:7    | Got a bound wooden ring
 83510 | Tar:7    | Identified the ring of Agaf {rC+ Dex+2 Stlth-} (You found it on level 7 of Tartarus)
 83965 | Tar:7    | Noticed Ereshkigal
 83978 | Tar:7    | Killed Ereshkigal
 83997 | Tar:7    | Identified the Reference Book on Air and the Traveller
 83998 | Tar:7    | Found the +4 arc blade {discharge, rElec}
 84003 | Tar:7    | Got a bone rune of Zot
 84464 | Tar:1    | Reached skill level 1 in Transmutations
 84543 | Tar:1    | Reached skill level 10 in Earth Magic
 84932 | Tar:1    | Gained mutation: You are resistant to hostile enchantments. (MR+) [evolution]
 86014 | Depths:4 | Voluntarily entered the Abyss.
 86027 | Abyss:1  | Found a corrupted altar of Lugonu.
 86288 | Abyss:1  | Found an opulent altar of Gozag.
 86725 | Abyss:2  | Reached skill level 5 in Transmutations
 87270 | Abyss:3  | Reached skill level 10 in Summonings
 87301 | Abyss:3  | Gained mutation: Your spells are a little easier to cast, but a little less powerful. [a neqoxec]
 87521 | Abyss:3  | Gained mutation: Your magical capacity is low. (-10% MP) [a neqoxec]
 87561 | Abyss:3  | Gained mutation: Scrolls take you a little longer to read. [a neqoxec]
 87960 | Abyss:3  | Lost mutation: Armour fits poorly on your strangely shaped body. [a neqoxec]
 87962 | Abyss:3  | Gained mutation: You are occasionally teleported next to monsters. [a neqoxec]
 87965 | Abyss:3  | Gained mutation: You are very weak. (Str -4) [a neqoxec]
 88150 | Abyss:3  | Reached skill level 10 in Air Magic
 88878 | Abyss:3  | Paralysed by accursed screaming for 1 turns
 88894 | Abyss:3  | Paralysed by accursed screaming for 1 turns
 88929 | Abyss:3  | Reached skill level 15 in Summonings
 89013 | Abyss:3  | Gained mutation: Armour fits poorly on your strangely shaped body. [a neqoxec]
 89091 | Abyss:3  | Found an opulent altar of Gozag.
 89466 | Abyss:3  | Found a corrupted altar of Lugonu.
 90051 | Depths:4 | Escaped the Abyss
 90316 | Orc:2    | Bought a manual of Transmutations for 1104 gold pieces
 90511 | Depths:1 | Lost mutation: You are very weak. (Str -4) [evolution]
 90532 | Depths:2 | Voluntarily entered the Abyss.
 90532 | Abyss:1  | Found a corrupted altar of Lugonu.
 90575 | Abyss:1  | Found a corrupted altar of Lugonu.
 90808 | Abyss:1  | Gained mutation: You have a pair of small horns on your head. [mutagenic meat]
 90809 | Abyss:1  | Lost mutation: Scrolls take you a little longer to read. [mutagenic meat]
 91066 | Abyss:4  | Found a corrupted altar of Lugonu.
 91086 | Abyss:4  | Found a corrupted altar of Lugonu.
 91144 | Abyss:4  | Got an abyssal rune of Zot
 91398 | Abyss:4  | Reached skill level 10 in Transmutations
 91801 | Abyss:4  | Paralysed by accursed screaming for 1 turns
 91818 | Abyss:4  | Found a burning altar of Makhleb.
 91894 | Abyss:4  | Paralysed by accursed screaming for 1 turns
 91907 | Abyss:4  | Paralysed by accursed screaming for 1 turns
 91908 | Abyss:4  | Found a corrupted altar of Lugonu.
 91960 | Abyss:4  | Lost mutation: Your magical capacity is very low. (-20% MP) [mutagenic meat]
 91962 | Abyss:4  | Lost mutation: You occasionally shout uncontrollably at your foes. [mutagenic meat]
 91963 | Abyss:4  | Gained mutation: Your movements are slightly less encumbered by armour. (ER -2) [mutagenic meat]
 91975 | Abyss:4  | Lost mutation: Armour fits poorly on your strangely shaped body. [mutagenic meat]
 91989 | Abyss:4  | Gained mutation: You are dopey. (Int -2) [mutagenic meat]
 92081 | Depths:2 | Escaped the Abyss
 92198 | Depths:2 | Voluntarily entered the Abyss.
 92323 | Abyss:2  | Gained mutation: You are clumsy. (Dex -2) [a neqoxec]
 92739 | Abyss:3  | Got a scorched helmet
 92741 | Abyss:3  | Identified the cursed +0 helmet "Xojyf" {*Slow rCorr Dex+9} (You found it on level 3 of the Abyss)
 92885 | Abyss:3  | Lost mutation: You are clumsy. (Dex -2) [a neqoxec]
 93117 | Abyss:3  | Lost mutation: You expend magic power (3 MP) to strengthen your wands. [mutagenic meat]
 93119 | Abyss:3  | Lost mutation: You are weak. (Str -2) [mutagenic meat]
 93120 | Abyss:3  | Lost mutation: Your spells are a little easier to cast, but a little less powerful. [mutagenic meat]
 93246 | Abyss:3  | Paralysed by accursed screaming for 2 turns
 93250 | Abyss:3  | Paralysed by accursed screaming for 1 turns
 93430 | Abyss:3  | Lost mutation: You do not regenerate when monsters are visible. [mutagenic meat]
 93516 | Abyss:3  | Gained mutation: Armour fits poorly on your strangely shaped body. [mutagenic meat]
 93521 | Abyss:3  | Gained mutation: Your spells are a little easier to cast, but a little less powerful. [mutagenic meat]
 93522 | Abyss:3  | Gained mutation: You have a somewhat thin skeletal structure. (Dex +2, Stealth) [mutagenic meat]
 93526 | Abyss:3  | Gained mutation: You are agile. (Dex +2) [mutagenic meat]
 93527 | Abyss:3  | Gained mutation: Your muscles are strong. (Str +2) [mutagenic meat]
 93530 | Abyss:3  | Gained mutation: You are partially covered in thin metallic scales. (AC +2) [mutagenic meat]
 93613 | Abyss:3  | Found a corrupted altar of Lugonu.
 93662 | Abyss:3  | Found a corrupted altar of Lugonu.
 93799 | Abyss:3  | Found a burning altar of Makhleb.
 93863 | Abyss:3  | Found a burning altar of Makhleb.
 93895 | Abyss:3  | Reached skill level 15 in Charms
 93922 | Abyss:3  | Found a burning altar of Makhleb.
 94070 | Abyss:3  | Gained mutation: You often lose your temper in combat. [a neqoxec]
 94180 | Abyss:3  | Paralysed by you for 6 turns
 94201 | Abyss:3  | Lost mutation: You have a pair of small horns on your head. [mutagenic meat]
 94411 | Depths:2 | Escaped the Abyss
 94700 | Slime:1  | Entered Level 1 of the Pits of Slime
 94818 | Slime:2  | Gained mutation: You are frail. (-10% HP) [a shining eye]
 94820 | Slime:2  | Lost mutation: Your muscles are strong. (Str +2) [a shining eye]
 94821 | Slime:2  | Gained mutation: Scrolls take you a little longer to read. [a shining eye]
 94895 | Slime:3  | Gained mutation: You occasionally shout uncontrollably at your foes. [a shining eye]
 94928 | Slime:3  | You fall through a shaft!
 95357 | Slime:3  | Found a viscous altar of Jiyva.
 95462 | Slime:3  | Reached skill level 15 in Air Magic
 95492 | Slime:5  | Entered Level 5 of the Pits of Slime
 95559 | Slime:5  | Gained mutation: Your magical capacity is low. (-10% MP) [a shining eye]
 95578 | Slime:5  | Gained mutation: You are very frail. (-20% HP) [a shining eye]
 95744 | Slime:5  | Gained mutation: You sometimes yell uncontrollably at your foes. [a shining eye]
 95745 | Slime:5  | Gained mutation: You have an uncontrollable temper. [a shining eye]
 95783 | Slime:5  | Found a viscous altar of Jiyva.
 95784 | Slime:5  | Noticed the Royal Jelly
 95786 | Slime:5  | Found the +0 mask of the Dragon {MR+ Slay+3 SInv}
 95806 | Slime:5  | Killed the Royal Jelly
 95872 | Slime:5  | Identified Hioliukk's Catalogue of the Unholy Oath
 95913 | Slime:5  | Identified the ring "Xedoasok" {Wiz Dex+3 Stlth+} (You found it on level 5 of the Pits of Slime)
 96178 | Slime:5  | Got a slimy rune of Zot
 96282 | Slime:5  | Learned a level 6 spell: Shadow Creatures
 96371 | Slime:5  | Learned a level 3 spell: Recall
 97235 | Depths:2 | Voluntarily entered the Abyss.
 97319 | Abyss:1  | Lost mutation: Armour fits poorly on your strangely shaped body. [mutagenic meat]
 97321 | Abyss:1  | Lost mutation: Your spells are a little easier to cast, but a little less powerful. [mutagenic meat]
 97322 | Abyss:1  | Lost mutation: You have a somewhat thin skeletal structure. (Dex +2, Stealth) [mutagenic meat]
 97441 | Abyss:1  | Reached skill level 15 in Transmutations
 97603 | Abyss:1  | Lost mutation: You are dopey. (Int -2) [mutagenic meat]
 97663 | Abyss:2  | Identified the +9 battleaxe of Dissolution {chop, rN+ Str+4} (You found it on level 2 of the Abyss)
 98065 | Abyss:2  | Paralysed by accursed screaming for 1 turns
 98175 | Abyss:2  | Noticed an ancient lich
 98180 | Abyss:2  | Killed an ancient lich
 98187 | Abyss:2  | Found a corrupted altar of Lugonu.
 98543 | Abyss:2  | Found a corrupted altar of Lugonu.
 98694 | Abyss:2  | Found a corrupted altar of Lugonu.
 99393 | Abyss:2  | Paralysed by accursed screaming for 1 turns
 99495 | Abyss:2  | Found a corrupted altar of Lugonu.
 99791 | Abyss:3  | Found a corrupted altar of Lugonu.
100361 | Abyss:3  | Paralysed by accursed screaming for 1 turns
100816 | Abyss:3  | Lost mutation: Scrolls take you a little longer to read. [mutagenic meat]
101533 | Depths:2 | Escaped the Abyss
101792 | Vaults:3 | Gained mutation: You can translocate small distances at will. [evolution]
101886 | Vaults:5 | Learned a level 8 spell: Necromutation
102264 | Depths:2 | Voluntarily entered the Abyss.
102269 | Abyss:1  | Found a corrupted altar of Lugonu.
102269 | Abyss:1  | Paralysed by accursed screaming for 1 turns
102273 | Abyss:1  | Paralysed by accursed screaming for 2 turns
102277 | Abyss:1  | Reached skill level 1 in Necromancy
102349 | Abyss:1  | Lost mutation: You have an uncontrollable temper. [mutagenic meat]
102350 | Abyss:1  | Lost mutation: You are very frail. (-20% HP) [mutagenic meat]
102454 | Abyss:1  | Reached skill level 15 in Spellcasting
102970 | Abyss:2  | Reached skill level 5 in Necromancy
103036 | Abyss:3  | Gained mutation: Scrolls take you a little longer to read. [a neqoxec]
103037 | Abyss:3  | Gained mutation: You expend magic power (3 MP) to strengthen your wands. [a neqoxec]
103090 | Abyss:3  | Found a corrupted altar of Lugonu.
103163 | Abyss:3  | Lost mutation: You are occasionally teleported next to monsters. [mutagenic meat]
103164 | Abyss:3  | Lost mutation: Your movements are slightly less encumbered by armour. (ER -2) [mutagenic meat]
103195 | Abyss:3  | Found a corrupted altar of Lugonu.
103264 | Depths:2 | Escaped the Abyss
103349 | Depths:5 | Lost mutation: You evolve. [potion of mutation]
103349 | Depths:5 | Lost mutation: Your magical capacity is low. (-10% MP) [potion of mutation]
103349 | Depths:5 | Lost mutation: Scrolls take you a little longer to read. [potion of mutation]
103349 | Depths:5 | Gained mutation: You have an increased reservoir of magic. (+10% MP) [potion of mutation]
104946 | Zot:2    | Noticed an orb of fire
104957 | Zot:2    | Killed an orb of fire
104957 | Zot:2    | Reached skill level 10 in Necromancy
105536 | Zot:2    | Identified the scarf of Anarchy {Str+5} (You acquired it on level 2 of the Realm of Zot)
106966 | Zot:3    | Found a transporter.
107047 | Zot:3    | Noticed an orb of fire
107257 | Zot:3    | Gained mutation: Your body sometimes deteriorates upon taking damage. [an orb of fire]
107266 | Zot:3    | Killed from afar by a lich

Vault maps used:
D:1:      shiori_shiawase, grunt_decor_one_mirror, kennysheep_decorative_pillar,
          st_stairs_8
D:2:      lemuel_crystal_altar, uniq_robin, uniq_terence
D:3:      kennysheep_six_static_rooms, grunt_gozag_breadcrumbs
D:4:      cheibriados_altar_1, kennysheep_mini_moat, old_standard_altar,
          first_bread, serial_co_window_serial, co_window_paths_a,
          co_window_corner_a, co_window_corner_a, co_window_paths_b,
          co_window_paths_a, co_window_corner_b, co_window_unsneaky_path_e,
          co_window_of_opportunity_c, co_window_4corner_b, glass_columns_a,
          glass_columns_a, glass_columns_a, kennysheep_orc_chapel, uniq_grinder
D:5:      bloody_trog, tso_oasis_becter, serial_undead, serial_undead_a,
          serial_undead_d, serial_undead_b, serial_undead_a,
          kennysheep_small_circle
D:6:      minmay_temple_entry_crystal_x, nicolae_dithmenos_the_darkroom
D:7:      okawaru_humans, serial_shops, shop, enter_bailey_3, basic_altar,
          uniq_prince_ribbit1
D:8:      nicolae_overflow_crystal_walls
D:9:      hangedman_cross_stitches, grunt_temple_overflow_order_and_chaos_2,
          grunt_temple_overflow_open, uniq_pikel, uniq_erica
D:10:     hangedman_little_slice_of_home, nicolae_qazlal_eye_of_the_storm,
          uniq_sonja
D:11:     dpeg_lair_monsters, lightli_church_of_beogh, uniq_psyche
D:12:     david_orc_2, serial_bayou_pond_d, jmf_multi_god_temple2
D:14:     erik_vaults_2, basic_altar, uniq_snorg
D:15:     hangedman_depths_entry_civil_slaughter, roderic_cross_of_infinity,
          serial_bayou, serial_bayou_pond_b, serial_bayou_crossing,
          serial_bayou_pond_e, serial_bayou_lagoon_b
Temple:   nicolae_temple_figure_zero
Lair:2:   nicolae_spider_entry_tight_spaces, grunt_megastairs_3
Lair:3:   elwin_shoals_entry_rocks, infiniplex_staircase_pool_2, uniq_urug
Lair:4:   nzn_motion_control, nicolae_volcano_entry_lava_flow, uniq_rupert
Lair:5:   columned_hall_lemuel, minmay_lindwurm_lava, lemuel_fruit_fields
Lair:6:   minmay_lair_end_frog_pond, dpeg_slime_entry_enclosed_altar
Shoals:1: serial_shops, nicolae_shop_trees, nicolae_shop_crystal, uniq_aizul
Shoals:2: nicolae_shoals_seven_spires
Shoals:3: hangedman_feature_mirror
Shoals:4: shoals_end_simple, shoal_ilsuiw, overgrown_statue, uniq_polyphemus
Spider:1: spiders_nest_scorpion_pit, nicolae_looking_at_the_future
Spider:2: minivault_29
Spider:4: grunt_spider_rune_island
Slime:3:  basic_altar
Slime:4:  nicolae_slime_phagocytosis
Orc:2:    pubby_orc_utopia
Elf:1:    minmay_elf_arrival_plus, serial_shops, shop, minmay_elf_demonology
Elf:2:    serial_corexii_hall, corexii_hall_statues_l, corexii_hall_statues_l,
          corexii_hall_statues_u
Elf:3:    minmay_elf_hall, minivault_4, abandoned_shop
Vaults:1: hangedman_vaults_corner, hangedman_vaults_stream, grunt_vaults_twisty,
          nicolae_vaults_back_hallway, nicolae_vaults_mini_display_case,
          nicolae_vaults_network_quincunx, v_misc_10, uniq_donald
Vaults:2: hangedman_vaults_maws, nicolae_vaults_sealed_display,
          hangedman_vaults_unwind, vaults_dpeg_ring,
          nicolae_vaults_display_case, ontoclasm_vaults_chip,
          nicolae_vaults_triangles, uniq_mennas, uniq_asterion
Vaults:3: hangedman_vaults_stitches, grunt_vaults_funnel,
          ontoclasm_vaults_ligature, v_alt_pattern_5,
          minmay_crypt_entry_skeletal_spiral, vaults_room_fancy_cross, v_misc_4,
          nicolae_vaults_what_the_h, vaults_mumra_hexcomb,
          ontoclasm_vaults_hangar, vaults_room_fancy_cross, v_misc_14,
          nicolae_vaults_little_squares_2
Vaults:4: vaults_room_mumra_shop_pool, v_alt_pattern_1, v_misc_30,
          hangedman_vaults_slice, ontoclasm_vaults_ring_large, v_misc_14,
          v_rooms_1, grunt_vaults_swirl, grunt_vaults_hallway_long,
          vaults_room_semicircle, ontoclasm_vaults_spin, vaults_dpeg_hooks,
          ontoclasm_vaults_eye, serial_shops, nicolae_shop_window_shopping
Vaults:5: serial_shops, uniq_mara, uniq_boris
Crypt:1:  grunt_megastairs_2
Crypt:2:  serial_glass, glass_columns_b, glass_columns_a, glass_columns_a,
          glass_columns_b, glass_columns_b, glass_columns_a, glass_columns_b,
          glass_columns_b, glass_columns_b, glass_columns_a, glass_columns_a,
          glass_columns_a, glass_columns_c, glass_columns_b, uniq_boris
Crypt:3:  church_of_pain_bobbens, minmay_guarded_unrand_skullcrusher,
          uniq_margery
Tomb:1:   uniq_frederick
Depths:1: dpeg_oklob_gauntlet, hell_entry, nicolae_trove_entry_columns,
          minmay_fire_ice_demons, grunt_megastairs_1, uniq_jorgrun,
          uniq_bai_suzhen
Depths:2: kennysheep_blocky_hall, hangedman_tar_grid_catacomb,
          old_standard_altar, abyss_entry, kennysheep_just_a_vault,
          minmay_staircase_bubble
Depths:3: grunt_crosshair, enter_ziggurat_b, hell_entry, grunt_pan_entry_spiral,
          small_statue_intersection, serial_shops,
          nicolae_shop_overgrown_old_shop, shop, shop, shop,
          minmay_guarded_unrand_wrath_of_trog, serial_bayou_shore_a,
          basic_stair_grate_trap
Depths:4: kennysheep_blocky_room, glass_columns_a, grunt_hell_horde,
          abyss_entry_small_statue_room, uniq_saint_roka, uniq_jory
Depths:5: evilmike_zot_entry_argh, abyss_entry, hangedman_coc_ice_floe,
          minmay_misc_feat_secret_circle
Tar:4:    evilmike_ambush
Tar:7:    tar_minmay_river
Zot:1:    evilmike_ambush
Zot:3:    hangedman_zot_vaults_quadrants,
          chequers_guarded_unrand_mask_of_the_dragon
Abyss:1:  evilmike_abyss_exit_17, hangedman_abyss_or_decor_slice
Abyss:2:  evilmike_abyss_exit_16, guppyfry_abyss_exit_spiral_guarded,
          evilmike_abyss_exit_mutagenic
Abyss:3:  minivault_22, evilmike_abyss_rune_tso_outpost, due_exit_kobolds,
          evilmike_abyss_exit_15, lemuel_flamethrower_3, minivault_1,
          evilmike_abyss_exit_4, hangedman_abyss_exit_choices
Abyss:4:  hangedman_abyss_or_decor_passed, guppyfry_abyss_exit_imp_island,
          dshaligram_kb_abyss_rune_zappy_water_cross,
          guppyfry_abyss_exit_spiral_guarded
Trove:    trove_weapon_1
Bailey:   bailey_axe_3, bailey
Volcano:  volcano_bunker

Skill      XL: |  1  2  3  4  5  6  7  8  9 10 11 12 13 14 15 16 17 18 19 20 21 22 23 24 25 26 27 |
---------------+----------------------------------------------------------------------------------+-----
Axes           | 3 4 5 6 7 8 9 10 11 13 15 17 18 19 20 22 23 24 25 26 | 26.0
Fighting       | 3 4 5 7 8 9 10 11 12 13 14 16 17 18 23 | 23.3
Armour         | 2 3 5 6 7 9 10 11 12 13 14 15 16 25 | 25.1
Invocations    | 6 7 9 11 14 16 18 19 21 22 23 24 25 27 | 27.0
Evocations     | 1 4 5 |  5.0
Dodging        | 3 5 6 15 | 15.0
Charms         | 16 | 16.3
Translocations | 14 | 14.0
Spellcasting   | 16 | 16.4
Earth Magic    | 10 | 10.0
Summonings     | 15 | 15.0
Air Magic      | 15 | 15.0
Transmutations | 18 | 18.0
Necromancy     | 13 | 13.2
Throwing       | |  1.7
Shields        | |  0.9

Action                   |  1- 3 |  4- 6 |  7- 9 | 10-12 | 13-15 | 16-18 | 19-21 | 22-24 | 25-27 || total
-------------------------+-------+-------+-------+-------+-------+-------+-------+-------+-------++-------
Melee: War axe           |   111 |   230 |   191 |     5 |       |       |       |       |       ||   537
       Quarterstaff      |       |       |   104 |       |       |       |       |       |       ||   104
       Broad axe         |       |       |    76 |   773 |  1310 |   269 |       |       |       ||  2428
       Unarmed           |       |       |       |     1 |       |       |       |       |       ||     1
       Battleaxe         |       |       |       |       |       |  1299 |  1493 |    13 |   119 ||  2924
       Executioner's axe |       |       |       |       |       |       |   157 |  1240 |  7658 ||  9055
       Headbutt          |       |       |       |       |       |       |       |       |   182 ||   182
Throw: Throwing net      |       |     8 |       |       |       |     1 |       |       |     1 ||    10
 Cast: Apportation       |       |       |       |       |       |       |       |       |    36 ||    36
       Deflect Missiles  |       |       |       |       |       |       |       |       |    11 ||    11
       Shadow Creatures  |       |       |       |       |       |       |       |       |    11 ||    11
       Blink             |       |       |       |       |       |       |       |       |     4 ||     4
       Summon Butterflie |       |       |       |       |       |       |       |       |     4 ||     4
       Shroud of Golubri |       |       |       |       |       |       |       |       |     3 ||     3
       Aura of Abjuratio |       |       |       |       |       |       |       |       |     2 ||     2
       Recall            |       |       |       |       |       |       |       |       |     1 ||     1
Invok: Lesser Healing    |       |       |       |     2 |     9 |    11 |    18 |     7 |     3 ||    50
       Heal Other        |       |       |       |     2 |     1 |     8 |     5 |     6 |     3 ||    25
       Divine Protection |       |       |       |     1 |       |       |       |       |       ||     1
       Greater Healing   |       |       |       |       |     3 |       |     2 |     6 |       ||    11
       Divine Vigour     |       |       |       |       |     1 |       |       |       |       ||     1
       Cleansing Flame   |       |       |       |       |       |       |       |       |    60 ||    60
       Divine Shield     |       |       |       |       |       |       |       |       |     3 ||     3
       Summon Divine War |       |       |       |       |       |       |       |       |     2 ||     2
       Brand Weapon With |       |       |       |       |       |       |       |       |     1 ||     1
 Abil: Fly               |       |       |       |       |     2 |     1 |     1 |       |     2 ||     6
       Stop Flying       |       |       |       |       |     1 |     2 |       |     1 |     2 ||     6
Evoke: Wand              |       |       |       |     6 |     7 |     1 |     2 |     1 |     8 ||    25
       Lamp of fire      |       |       |       |       |       |     1 |     2 |       |     1 ||     4
  Use: Potion            |       |     2 |     4 |     2 |     1 |       |     4 |     1 |    18 ||    32
       Scroll            |       |     1 |     4 |     7 |    17 |    10 |    11 |    16 |    37 ||   103
 Stab: Invisible         |       |       |     6 |       |       |       |     3 |       |       ||     9
       Paralysed         |       |       |       |     5 |       |       |       |       |       ||     5
       Petrified         |       |       |       |       |    19 |       |     9 |       |       ||    28
       Petrifying        |       |       |       |       |     2 |       |     1 |       |       ||     3
       Distracted        |       |       |       |       |       |       |     1 |       |     4 ||     5
       Held in net/web   |       |       |       |       |       |       |       |       |     2 ||     2
  Eat: Chunk             |     1 |     6 |    10 |    24 |    31 |    38 |    41 |    37 |   165 ||   353
       Fruit             |       |       |     3 |     4 |     1 |     3 |     4 |     5 |    39 ||    59
       Royal jelly       |       |       |       |     1 |     3 |     1 |       |       |    27 ||    32
       Meat ration       |       |       |       |       |     1 |       |       |       |     1 ||     2
Armor: Leather armour    |    63 |       |       |       |       |       |       |       |       ||    63
       Chain mail        |     8 |   172 |   271 |       |       |       |       |       |       ||   451
       Gold dragon scale |       |       |   107 |   786 |  1346 |  1939 |  1436 |  1261 |  5382 || 12257
       Skin              |       |       |       |     1 |       |       |       |       |       ||     1
Dodge: Dodged            |    99 |   100 |   193 |   173 |   299 |   636 |   491 |   518 |  4403 ||  6912
       Deflected         |       |       |       |       |       |       |       |       |    41 ||    41
Block: Other             |       |       |       |   101 |   224 |   294 |   233 |     5 |     6 ||   863
       Reflection        |       |       |       |     3 |     5 |    18 |    35 |       |       ||    61
       Buckler           |       |       |       |       |     8 |    50 |       |       |       ||    58

Table legend:
 A = Spawn XP
 B = Non-spawn XP
 C = Spawn XP percentage of total XP
 D = Spawn monster count
 E = Non-spawn monster count
 F = Spawn count percentage of total count
 G = Total turns spent on level
                    A         B        C        D         E        F      G
               +---------+---------+-------+---------+---------+-------+---------
         Total |  691758 | 3167666 |  17.9 |    1151 |    4713 |  19.6 | 107266
               +---------+---------+-------+---------+---------+-------+---------
           D:1 |       0 |      37 |   0.0 |       0 |      23 |   0.0 |   674
           D:2 |       0 |     147 |   0.0 |       0 |      38 |   0.0 |  1498
           D:3 |       0 |      57 |   0.0 |       0 |      23 |   0.0 |   566
           D:4 |       0 |     621 |   0.0 |       0 |      21 |   0.0 |   950
           D:5 |       0 |     934 |   0.0 |       0 |      37 |   0.0 |   764
           D:6 |       0 |     562 |   0.0 |       0 |      20 |   0.0 |   757
           D:7 |       0 |    2232 |   0.0 |       0 |      33 |   0.0 |  1152
           D:8 |       0 |    1049 |   0.0 |       0 |      17 |   0.0 |   722
           D:9 |       0 |    5400 |   0.0 |       0 |      41 |   0.0 |  1493
          D:10 |       0 |    5509 |   0.0 |       0 |      45 |   0.0 |  1703
          D:11 |       0 |    8738 |   0.0 |       0 |      61 |   0.0 |  2053
          D:12 |       0 |   11462 |   0.0 |       0 |      43 |   0.0 |  1814
          D:13 |       0 |    9031 |   0.0 |       0 |      38 |   0.0 |  1041
          D:14 |       0 |   28270 |   0.0 |       0 |      48 |   0.0 |  1608
          D:15 |       0 |   24040 |   0.0 |       0 |      50 |   0.0 |  1549
        Lair:1 |       0 |    4678 |   0.0 |       0 |      14 |   0.0 |  1308
        Lair:2 |       0 |    7531 |   0.0 |       0 |      35 |   0.0 |  1529
        Lair:3 |       0 |   16339 |   0.0 |       0 |      40 |   0.0 |  1825
        Lair:4 |       0 |    4425 |   0.0 |       0 |      16 |   0.0 |   883
        Lair:5 |       0 |   11691 |   0.0 |       0 |      39 |   0.0 |  1980
        Lair:6 |       0 |   23852 |   0.0 |       0 |      92 |   0.0 |  1110
      Shoals:1 |       0 |   12236 |   0.0 |       0 |      23 |   0.0 |   799
      Shoals:2 |       0 |   17824 |   0.0 |       0 |      40 |   0.0 |   922
      Shoals:3 |       0 |   12538 |   0.0 |       0 |      21 |   0.0 |  1267
      Shoals:4 |       0 |   43367 |   0.0 |       0 |      62 |   0.0 |  1330
      Spider:1 |       0 |   31289 |   0.0 |       0 |      92 |   0.0 |  1894
      Spider:2 |       0 |   25485 |   0.0 |       0 |      96 |   0.0 |   833
      Spider:3 |       0 |   10634 |   0.0 |       0 |      34 |   0.0 |  1063
      Spider:4 |       0 |   41181 |   0.0 |       0 |      93 |   0.0 |  1689
       Slime:1 |       0 |    5375 |   0.0 |       0 |      11 |   0.0 |    57
       Slime:2 |       0 |    5055 |   0.0 |       0 |      11 |   0.0 |    51
       Slime:3 |       0 |   22452 |   0.0 |       0 |      29 |   0.0 |   304
       Slime:4 |       0 |    8687 |   0.0 |       0 |      13 |   0.0 |   528
       Slime:5 |       0 |   52899 |   0.0 |       0 |      45 |   0.0 |   760
         Orc:1 |       0 |    1525 |   0.0 |       0 |       8 |   0.0 |   335
         Orc:2 |       0 |   19530 |   0.0 |       0 |     135 |   0.0 |  3153
         Elf:1 |       0 |   23798 |   0.0 |       0 |      40 |   0.0 |  1160
         Elf:2 |       0 |   45607 |   0.0 |       0 |      61 |   0.0 |  1610
         Elf:3 |       0 |   56187 |   0.0 |       0 |      56 |   0.0 |  1946
      Vaults:1 |       0 |   32006 |   0.0 |       0 |      58 |   0.0 |  2027
      Vaults:2 |       0 |   70547 |   0.0 |       0 |      92 |   0.0 |  3731
      Vaults:3 |       0 |   51245 |   0.0 |       0 |      85 |   0.0 |  1828
      Vaults:4 |       0 |   45575 |   0.0 |       0 |      63 |   0.0 |  1854
      Vaults:5 |       0 |  183007 |   0.0 |       0 |     133 |   0.0 |  2809
       Crypt:1 |       0 |   28257 |   0.0 |       0 |      47 |   0.0 |   547
       Crypt:2 |       0 |   52766 |   0.0 |       0 |      63 |   0.0 |   644
       Crypt:3 |       0 |   77170 |   0.0 |       0 |     127 |   0.0 |  1233
        Tomb:1 |       0 |  197449 |   0.0 |       0 |     102 |   0.0 |  2533
        Tomb:2 |       0 |   51610 |   0.0 |       0 |      63 |   0.0 |  1232
        Tomb:3 |       0 |  104935 |   0.0 |       0 |     103 |   0.0 |   923
      Depths:1 |       0 |   55110 |   0.0 |       0 |      74 |   0.0 |  3083
      Depths:2 |       0 |   31773 |   0.0 |       0 |      41 |   0.0 |  1536
      Depths:3 |       0 |   85829 |   0.0 |       0 |      94 |   0.0 |  2112
      Depths:4 |       0 |   49069 |   0.0 |       0 |      66 |   0.0 |  1573
      Depths:5 |       0 |   63568 |   0.0 |       0 |      58 |   0.0 |  3106
          Hell |       0 |   50710 |   0.0 |       0 |      73 |   0.0 |   695
         Tar:1 |       0 |  140852 |   0.0 |       0 |     176 |   0.0 |  2866
         Tar:2 |       0 |   74339 |   0.0 |       0 |      97 |   0.0 |  1067
         Tar:3 |       0 |   90538 |   0.0 |       0 |     128 |   0.0 |   846
         Tar:4 |       0 |   80433 |   0.0 |       0 |      96 |   0.0 |  1167
         Tar:5 |       0 |   41125 |   0.0 |       0 |      72 |   0.0 |  1149
         Tar:6 |       0 |   78881 |   0.0 |       0 |      96 |   0.0 |   874
         Tar:7 |       0 |  190963 |   0.0 |       0 |     193 |   0.0 |  1900
         Zot:1 |       0 |   98828 |   0.0 |       0 |      56 |   0.0 |  1398
         Zot:2 |       0 |   92881 |   0.0 |       0 |      54 |   0.0 |  1628
         Zot:3 |       0 |   77203 |   0.0 |       0 |      45 |   0.0 |   883
       Abyss:1 |  140026 |   77761 |  64.3 |     139 |     113 |  55.2 |  2294
       Abyss:2 |   89842 |   68023 |  56.9 |     157 |     124 |  55.9 |  3206
       Abyss:3 |  399863 |  177875 |  69.2 |     744 |     359 |  67.5 |  7320
       Abyss:4 |   62027 |   37834 |  62.1 |     111 |      96 |  53.6 |  1016
        Bailey |       0 |     438 |   0.0 |       0 |      11 |   0.0 |   618
       Volcano |       0 |    6792 |   0.0 |       0 |      11 |   0.0 |   630
               +---------+---------+-------+---------+---------+-------+---------
